 Dungeon Crawl Stone Soup version 0.26-a0-683-g5206c1d7ac (webtiles) character file.

Game seed: 12658905139866736595

25383 ICC the Blocker (level 13, -3/67 HPs)
             Began as a Vine Stalker Fighter on Oct 22, 2020.
             Was a High Priest of Wu Jian.
             Collided with a rock wall (29 damage)
             ... caused by a lich
             ... on level 1 of the Abyss.
             The game lasted 00:56:01 (9599 turns).

ICC the Blocker (Vine Stalker Fighter)              Turns: 9599, Time: 00:56:02

Health: -3/67      AC: 17    Str: 19    XL:     13   Next: 19%
Magic:  0/26       EV: 13    Int: 12    God:    Wu Jian [*****.]
Gold:   796        SH: 12    Dex: 15    Spells: 29/29 levels left

rFire    . . .     SeeInvis .   w - +6 rapier (speed)
rCold    . . .     Faith    .   c - +0 kite shield
rNeg     . . .     Spirit   +   D - quicksilver dragon scales
rPois    .         Reflect  .   p - +0 helmet
rElec    .         Harm     .   (no cloak)
rCorr    .         Rampage  .   F - +1 pair of gloves {archery}
MR       ++...                  f - +0 pair of boots
Stlth    +.........             (no amulet)
HPRegen  1.01/turn              (no ring)
MPRegen  0.20/turn              (no ring)

@: exhausted
A: fangs 3, regeneration 2, magic shield, antimagic bite, no potion heal 3, rot
immunity
a: Wall Jump, Serpent's Lash, Heavenly Storm, Renounce Religion


You were on level 1 of the Abyss.
You worshipped Wu Jian.
Wu Jian was extremely pleased with you.
You visited 3 branches of the dungeon, and saw 14 of its levels.
You visited the Abyss 1 time.
You also visited: Ice Cave.

You collected 796 gold pieces.

Inventory:

Hand Weapons
 w - a +6 rapier of speed (weapon)
Armour
 c - a +0 kite shield (worn)
 f - a +0 pair of boots (worn)
 j - a +2 tower shield
 p - a +0 helmet (worn)
 D - quicksilver dragon scales (worn)
 F - a +1 pair of gloves of archery (worn)
Jewellery
 a - an uncursed ring of ice
 H - an uncursed ring of protection from fire {unknown}
Wands
 b - a wand of disintegration (9)
 r - a wand of iceblast (7)
 C - a wand of flame (15)
Scrolls
 e - 2 scrolls of magic mapping
 g - 7 scrolls of teleportation {unknown}
 l - 12 scrolls of remove curse
 n - 2 scrolls of immolation
 o - 2 scrolls of enchant armour
 t - 2 scrolls of fear
 v - a scroll of holy word
 y - 3 scrolls of summoning {unknown}
 A - a scroll of amnesia
 G - a scroll of fog
Potions
 d - 4 potions of might
 h - a potion of mutation
 i - 2 potions of curing
 k - 3 potions of flight
 m - a potion of magic
 s - a potion of brilliance {unknown}
 u - a potion of invisibility {unknown}
 x - a potion of berserk rage
 z - a potion of resistance
 B - 3 potions of haste
 E - a potion of ambrosia {unknown}
Miscellaneous
 q - a lightning rod (4/4)


   Skills:
 + Level 7.1 Fighting
 * Level 9.6 Short Blades
 * Level 9.0 Armour
 + Level 6.0 Dodging
 * Level 9.8 Shields
 + Level 8.5 Spellcasting


You had 29 spell levels left.
You didn't know any spells.
Your spell library contained the following spells:

 Spells                   Type           Power        Failure   Level
 Blink                    Tloc           N/A          54%         2
 Confusing Touch          Hex            #.......     78%         3
 Gell's Gravitas          Tloc           #.........   78%         3
 Lesser Beckoning         Tloc           #.........   78%         3
 Teleport Other           Tloc           #.......     78%         3
 Passage of Golubria      Tloc           N/A          99%         4
 Petrify                  Tmut/Erth      #.......     99%         4
 Metabolic Englaciation   Hex/Ice        #.........   100%        5
 Yara's Violent Unravell  Hex/Tmut       #.........   100%        5


Dungeon Overview and Level Annotations

Branches:
Dungeon (9/15)             Temple (1/1) D:4            Lair (4/6) D:8
 Shoals (0/4) Lair:3        Snake (0/4) Lair:2        IceCv (visited)
    Orc: D:9-12

Altars:
Ashenzari
Cheibriados
Dithmenos
Elyvilon
Fedhas
Hepliaklqana
Kikubaaqudgha
Makhleb
Nemelex Xobeh
Okawaru
Ru
Sif Muna
Trog
Uskayaw
Vehumet
Wu Jian
Xom
Yredelemnul
Zin
The Shining One

Portals:
Abyss: D:3

Annotations:
Lair:2 exclusion: 4 oklob plants
Lair:4 Sonja


Innate Abilities, Weirdness & Mutations

You have razor-sharp teeth.
You heal very quickly.
When hurt, damage is shared between your health and your magic reserves.
Your bite disrupts and absorbs the magic of your enemies.
Potions cannot restore your health.
You are immune to rotting.


Message History

The lich's magic leaks into the air.
You drain its magic.
You feel invigorated.
The lich is lightly damaged.
You block the lich's attack.
You hit the lich. You bite the lich, but do no damage.
The lich is moderately damaged.
You hit the lich. You bite the lich.
The lich's magic leaks into the air.
You drain its magic.
You feel invigorated.
The lich is moderately damaged.
The lich points at you and mumbles some strange words.
You block the lance of force.
You barely miss the lich. Your bite misses the lich.
The lich is moderately damaged.
You closely miss the lich. You bite the lich.
The lich's magic leaks into the air.
You drain its magic.
You feel invigorated.
The lich is moderately damaged.
The lich gestures at you while chanting.
The lance of force hits you!!!
You are knocked back by the lance of force.
You slam into the rock wall!
You die...

.....J....# #...
.#.........###...#
..............#
..........L._..###
. .......#........
.........#.##.....
............# ...
..........#(# . ..
.....#.@##..
..........## ##..
.......#.[ ..
######.#..# . #..#
...#.. #.. #..


You could see a lich.

Vanquished Creatures
  2 hydras (Lair:3)
  A catoblepas (Lair:3)
  The ghost of flt the Thrower, a novice OgHu of Ru (D:7)
  2 starcursed masses (Abyss:1)
  A necromancer (IceCv)
  A worldbinder (Abyss:1)
  4 black mambas
  A merfolk siren (Lair:3)
  3 ice statues (IceCv)
  A smoke demon (Abyss:1)
  7 cane toads
  3 komodo dragons
  8 ice devils
  2 ancient zymes
  4 large abominations (Abyss:1)
  13 blink frogs
  23 yaks
  2 wyverns (Lair:3)
  4 basilisks
  Eustachio (D:6)
  A chaos spawn (Abyss:1)
  2 steam dragons (D:8)
  Menkaure (D:5)
  3 water moccasins
  A hornet zombie (D:7)
  3 orc warriors
  3 black bears
  10 wolves (Lair:3)
  A phantom (D:7)
  3 necrophages
  3 ogres
  3 centaurs
  The ghost of twist the Chiller, an amateur BaIE (D:3)
  2 big kobolds
  11 bullfrogs
  2 small abominations (Abyss:1)
  A wight (D:7)
  A howler monkey (D:8)
  A draconian simulacrum (IceCv)
  A quasit (D:3)
  2 hounds
  5 orc priests
  2 jellies
  A bullfrog skeleton (D:6)
  A gnoll shaman (D:7)
  An iron imp (D:3)
  2 iguanas
  4 orc wizards
  9 worker ants
  2 troll simulacra (IceCv)
  A spriggan simulacrum (IceCv)
  3 centaur simulacra (IceCv)
  A hound zombie (D:8)
  A gnoll (D:1)
  A howler monkey zombie (D:7)
  23 adders
  2 naga simulacra (IceCv)
  An ogre simulacrum (IceCv)
  2 shadow imps
  3 white imps
  3 ufetubi
  An ooze (D:1)
  An adder skeleton (D:6)
  An adder zombie (D:5)
  2 worms
  2 dart slugs
  6 leopard geckos
  24 orcs
  8 bats
  7 giant cockroaches
  5 goblins
  8 hobgoblins
  9 jackals
  14 kobolds
  2 quokkas
  2 ball pythons
  4 frilled lizards
  2 leopard gecko skeletons
  A quokka zombie (D:7)
  6 rats
313 creatures vanquished.

Vanquished Creatures (others)
  5 fungi
  A lurking horror (Abyss:1)
  7 plants
13 creatures vanquished.

Grand Total: 326 creatures vanquished

Notes
Turn   | Place    | Note
-------+----------+-------------------------------------------
     0 | D:1      | ICC the Vine Stalker Fighter began the quest for the Orb.
     0 | D:1      | Reached XP level 1. HP: 11/11 MP: 2/2
    36 | D:1      | Reached skill level 1 in Spellcasting
    70 | D:1      | Reached XP level 2. HP: 14/16 MP: 3/5
   146 | D:1      | Reached XP level 3. HP: 15/19 MP: 7/7
   657 | D:2      | Gained mutation: Your natural rate of healing is unusually
                  | fast. [Vine Stalker growth]
   657 | D:2      | Reached XP level 4. HP: 21/23 MP: 7/10
   774 | D:2      | Found a sacrificial altar of Ru.
   948 | D:2      | Reached XP level 5. HP: 27/27 MP: 10/12
  1554 | D:3      | Found a transporter.
  1556 | D:3      | Noticed a big kobold
  1588 | D:3      | Found a transporter.
  1596 | D:3      | Noticed an ancient zyme
  1601 | D:3      | Found a one-way gate to the infinite horrors of the Abyss.
  1908 | D:3      | Found a snail-covered altar of Cheibriados.
  2044 | D:4      | Found an ornate altar of the Wu Jian Council.
  2056 | D:4      | Reached XP level 6. HP: 32/32 MP: 11/13
  2064 | D:4      | Became a worshipper of the Wu Jian Council
  2083 | D:4      | Found a staircase to the Ecumenical Temple.
  2094 | Temple   | Entered the Ecumenical Temple
  2345 | D:4      | Reached skill level 1 in Dodging
  2493 | D:4      | Reached XP level 7. HP: 19/36 MP: 7/14
  2731 | D:4      | Found a sacrificial altar of Ru.
  2788 | D:5      | Entered Level 5 of the Dungeon
  2788 | D:5      | Noticed Menkaure
  2896 | D:5      | Killed Menkaure
  3051 | D:5      | Found a shimmering blue altar of Sif Muna.
  3148 | D:5      | Found a sparkling altar of Nemelex Xobeh.
  3234 | D:5      | Gained mutation: You have razor-sharp teeth. [Vine Stalker
                  | growth]
  3234 | D:5      | Reached XP level 8. HP: 39/40 MP: 14/16
  3429 | D:6      | Noticed Eustachio
  3462 | D:6      | Killed Eustachio
  3462 | D:6      | Reached * piety under Wu Jian
  3517 | D:6      | Reached skill level 5 in Spellcasting
  3520 | D:6      | Found a radiant altar of Vehumet.
  3790 | D:6      | Reached skill level 5 in Shields
  3854 | D:6      | Reached XP level 9. HP: 45/45 MP: 17/17
  4397 | D:7      | Noticed flt's ghost (novice OgHu)
  4433 | D:7      | Noticed a +0 hand axe
  4433 | D:7      | Noticed a +0 dagger
  4436 | D:7      | Found a hide-covered altar of Uskayaw.
  4451 | D:7      | Reached skill level 5 in Short Blades
  4550 | D:7      | Reached skill level 5 in Armour
  4593 | D:7      | Found a transporter.
  4602 | D:7      | Found a transporter.
  4634 | D:7      | Killed flt's ghost
  4634 | D:7      | Reached ** piety under Wu Jian
  5075 | D:8      | Reached XP level 10. HP: 41/51 MP: 20/20
  5218 | D:8      | Reached *** piety under Wu Jian
  5304 | D:8      | Found a staircase to the Lair.
  5534 | D:3      | Noticed twist's ghost (amateur BaIE)
  5556 | D:3      | Killed twist's ghost
  5773 | D:9      | Noticed a two-headed ogre
  5774 | D:9      | Noticed a kobold demonologist
  5798 | D:9      | Noticed a smoke demon
  5814 | Lair:1   | Entered Level 1 of the Lair of Beasts
  5884 | Lair:1   | Reached skill level 5 in Fighting
  6078 | Lair:1   | Found a frozen archway.
  6134 | IceCv    | Entered an ice cave
  6182 | IceCv    | Reached XP level 11. HP: 17/56 MP: 9/22
  6479 | IceCv    | Noticed a necromancer
  6494 | IceCv    | Killed a necromancer
  6511 | IceCv    | Got an iridescent falchion
  6514 | IceCv    | Got an encrusted falchion
  7416 | Lair:2   | Found a staircase to the Snake Pit.
  7457 | Lair:2   | Reached skill level 5 in Dodging
  7518 | Lair:2   | HP: 2/56 [poisoned by a black mamba]
  7523 | Lair:2   | HP: 1/56 [poisoned by a black mamba]
  7709 | Lair:2   | Noticed an oklob plant
  7711 | Lair:2   | Noticed an oklob plant
  7712 | Lair:2   | Noticed an oklob plant
  7712 | Lair:2   | Noticed an oklob plant
  7948 | Lair:2   | Gained mutation: You heal very quickly. [Vine Stalker
                  | growth]
  7948 | Lair:2   | Reached XP level 12. HP: 58/61 MP: 24/24
  8152 | Lair:3   | Reached **** piety under Wu Jian
  8159 | Lair:3   | Noticed an eight-headed hydra
  8170 | Lair:3   | Killed an eight-headed hydra
  8284 | Lair:3   | Noticed an eight-headed hydra
  8314 | Lair:3   | Killed an eight-headed hydra
  8644 | Lair:3   | Found a staircase to the Shoals.
  8677 | Lair:3   | Noticed a catoblepas
  8695 | Lair:3   | Killed a catoblepas
  9290 | Lair:4   | Noticed Sonja
  9299 | Lair:4   | Cast into level 1 of the Abyss (Sonja)
  9352 | Abyss:1  | Reached XP level 13. HP: 35/66 MP: 12/26
  9373 | Abyss:1  | Noticed a starcursed mass
  9464 | Abyss:1  | Reached ***** piety under Wu Jian
  9567 | Abyss:1  | Found a bloodstained altar of Trog.
  9587 | Abyss:1  | Noticed a lich
  9599 | Abyss:1  | Collided with a rock wall

Illustrated notes

Levels and vault maps discovered:
D:1:      scummos_arrival_star, layout_basic, st_stairs_2
D:2:      layout_loops_ring, old_standard_altar, roderic_st_hans_cross
D:3:      layout_basic, cheibriados_altar_1, gammafunk_ghost_abyssal_escape
D:4:      layout_loops_ring, old_standard_altar, minmay_temple_entry_mini_moons,
          fountainhead, nicolae_ru_the_path_less_chosen
D:5:      layout_rooms, kennysheep_mini, lemuel_coloured_pillars_altar,
          uniq_menkaure
D:6:      layout_basic, vehumet_altar_wand_db, serial_park_tiny_2,
          uniq_eustachio
D:7:      layout_loops_cross, dancing_weapons_uskayaw,
          gammafunk_ghost_mausoleum, st_stairs_5
D:8:      cheibrodos_steamvent, layout_rooms, lair_entry_dummy
D:9:      layout_loops_cross, old_standard_altar, hangedman_misty_isle
Temple:   eino_temple_water
Lair:1:   layout_misc_corridors, portal_ice_cave_demonic_guard,
          serial_bayou_ford_a
Lair:2:   layout_big_grid, dummy_snake_entry, grunt_megastairs_2,
          minmay_lair_oklob_chamber
Lair:3:   layout_misc_corridors, minmay_shoals_entry_lonely_mermaid,
          chequers_serial_rivers_marsh, beast_lair_carwin_5
Lair:4:   layout_misc_corridors, uniq_sonja
Abyss:1:  base:
D:11

Skill      XL: |  1  2  3  4  5  6  7  8  9 10 11 12 13 |
---------------+----------------------------------------+-----
Spellcasting   | 1 2 3 4 5 6 7 8 |  8.5
Short Blades   | 2 3 4 5 7 8 9 |  9.6
Shields        | 3 4 5 6 7 8 9 |  9.8
Fighting       | 3 4 5 6 7 |  7.1
Armour         | 3 4 5 6 7 8 9 |  9.0
Dodging        | 1 2 3 4 5 6 |  6.0

Action                   |  1- 3 |  4- 6 |  7- 9 | 10-12 | 13-15 || total
-------------------------+-------+-------+-------+-------+-------++-------
Melee: Rapier            |    89 |   226 |   378 |  1158 |   137 ||  1988
       Bite              |    22 |    59 |   117 |   432 |    62 ||   692
Throw: Dart              |       |     8 |     7 |       |       ||    15
Invok: Lunge             |       |     2 |    26 |    40 |    12 ||    80
       Whirlwind         |       |       |    11 |   146 |    31 ||   188
       Serpent's Lash    |       |       |       |     4 |     1 ||     5
 Abil: Wall Jump         |       |       |       |     2 |       ||     2
Evoke: Wand              |       |     5 |     7 |    13 |       ||    25
  Use: Scroll            |       |       |    12 |    13 |       ||    25
       Potion            |       |       |       |     1 |       ||     1
 Stab: Paralysed         |       |       |     2 |       |       ||     2
Armor: Scale mail        |    27 |       |       |       |       ||    27
       Plate armour      |    18 |   128 |   114 |   112 |       ||   372
       Quicksilver drago |       |       |       |   131 |    17 ||   148
Dodge: Dodged            |    13 |    36 |    47 |   207 |    25 ||   328
Block: Kite shield       |    36 |   127 |   120 |   289 |    37 ||   609
       Tower shield      |       |       |     5 |       |       ||     5

Table legend: (Time is in decaauts)
 A = Elapsed time spent in this place.
 B = Non-inter-level travel time spent in this place.
 C = Inter-level travel time spent in this place.
 D = Time resting spent in this place.
 E = Time spent auto-exploring this place.
 F = Levels seen in this place.
 G = Mean time per level.
                   A        B        C        D        E       F      G
               +--------+--------+--------+--------+--------+-----+--------+
         Total |   9256 |   8501 |    755 |    260 |   5595 |  16 |  578.5 |
       Dungeon |   5724 |   5083 |    641 |      6 |   3653 |   9 |  636.0 |
        Temple |     60 |     50 |     10 |      0 |     50 |   1 |   60.0 |
          Lair |   2612 |   2509 |    103 |    128 |   1716 |   4 |  653.0 |
         Abyss |    263 |    263 |      0 |      1 |     51 |   1 |  263.0 |
      Ice Cave |    595 |    595 |      0 |    125 |    125 |   1 |  595.0 |
               +--------+--------+--------+--------+--------+-----+--------+

Top non-repeatable levels by time:
     D:6: 968 daAuts
     D:3: 843 daAuts
  Lair:1: 842 daAuts
     D:4: 806 daAuts
  Lair:3: 746 daAuts
     D:2: 724 daAuts
  Lair:2: 676 daAuts
     D:7: 650 daAuts
     D:1: 639 daAuts
   IceCv: 595 daAuts
     D:5: 589 daAuts
     D:8: 452 daAuts
  Lair:4: 347 daAuts
 Abyss:1: 263 daAuts
  Temple: 60 daAuts
